 Dungeon Crawl Stone Soup version 0.27-b1-42-g19c61b19a5 (webtiles) character file.

Game seed: 4016841991463648860

367 grindst0ne the Skirmisher (level 6, 0/54 HPs)
             Began as a Palentonga Fighter on July 29, 2021.
             Was an Initiate of Okawaru.
             Slain by an orc (3 damage)
             ... on level 4 of the Dungeon.
             The game lasted 00:05:08 (4217 turns).

grindst0ne the Skirmisher (Palentonga Fighter)      Turns: 4217, Time: 00:05:08

Health: 0/54       AC:  6    Str: 19    XL:     6   Next: 41%
Magic:  8/8        EV:  5    Int: 10    God:    Okawaru [......]
Gold:   128        SH:  8    Dex: 10    Spells: 5/5 levels left

rFire    . . .     SeeInvis +   k - +1 dagger (venom)
rCold    . . .     Faith    .   c - +0 kite shield
rNeg     . . .     Spirit   .   b - +0 scale mail
rPois    .         Reflect  .   (no helmet)
rElec    .         Harm     .   (no cloak)
rCorr    .         Rampage  .   (no gloves)
Will     .....                  (no barding)
Stlth    ..........             (no amulet)
HPRegen  0.18/turn              (no ring)
MPRegen  0.11/turn              (no ring)

@: no status effects
A: large, rugged brown scales 3, see invisible, deformed body, roll 1, armoured
tail
a: Rolling Charge, Renounce Religion


You were on level 4 of the Dungeon.
You worshipped Okawaru.
Okawaru was noncommittal.
You visited 2 branches of the dungeon, and saw 5 of its levels.

You collected 128 gold pieces.

Inventory:

Hand Weapons
 a - a +0 war axe
 d - a +0 hand axe of freezing
 k - a +1 dagger of venom (weapon)
Missiles
 m - 15 poisoned darts (quivered)
Armour
 b - a +0 scale mail (worn)
 c - a +0 kite shield (worn)
Scrolls
 h - a scroll of vulnerability {unknown}
 j - a scroll of brand weapon {unknown}
 l - 2 scrolls of amnesia {unknown}
 n - 2 scrolls of teleportation {unknown}
 o - 2 scrolls of identify {unknown}
 p - a scroll of blinking {unknown}
Potions
 f - a potion of flight
 g - 2 potions of lignification {unknown}
 i - a potion of resistance {unknown}


   Skills:
 + Level 5.1 Fighting
 + Level 4.6 Axes
 - Level 2.4 Armour
 - Level 2.4 Shields
 + Level 2.9 Invocations


You had 5 spell levels left.
You didn't know any spells.
Your spell library contained the following spells:

 Spells                   Type           Power      Damage    Failure   Level
 Freeze                   Ice            0%         1d3       99%         1
 Summon Small Mammal      Summ           0%         N/A       99%         1
 Wereblood                Tmut           0%         N/A       100%        2
 Call Canine Familiar     Summ           0%         N/A       100%        3
 Summon Guardian Golem    Hex/Summ       0%         N/A       100%        3
 Irradiate                Conj/Tmut      0%         3d14      100%        5
 Yara's Violent Unravell  Hex/Tmut       0%         3d3       100%        5
 Storm Form               Tmut/Air       0%         N/A       100%        7


Dungeon Overview and Level Annotations

Branches:
Dungeon (4/15)             Temple (1/1) D:4

Altars:
Cheibriados
Fedhas
Makhleb
Nemelex Xobeh
Okawaru
Uskayaw
Lugonu

Annotations:
D:4 Dowan, Duvessa


Innate Abilities, Weirdness & Mutations

You are completely covered in rugged brown scales. (AC +3, +7% HP)
You have supernaturally acute eyesight. (SInv)
Armour fits poorly on your strangely shaped body.
You can roll at nearby foes to attack.
You have a long armoured tail.


Message History

There is a stone staircase leading down here.
Your shield and scale mail prevent you from hitting the orc.
The orc hits you but does no damage.
You closely miss the orc.
Your tail-slap misses the orc.
The orc hits you with a +0 dagger.
You hit the orc but do no damage. You tail-slap the orc.
The orc is severely wounded.
You block the orc's attack.
You hit the orc.
You kill the orc!
Okawaru accepts your kill.
You see here a +0 dagger.
There is a stone staircase leading down here.
You climb downwards.
Level annotation: Dowan, Duvessa Duvessa hits you with a +0 rapier!
The goblin shoots a stone.
The stone hits you but does no damage.
The goblin shoots a stone.
The stone hits you. You block Duvessa's attack.
There is a stone staircase leading up, spattered with blood here.
The goblin shoots a stone.
The stone hits you.
The orc wizard mumbles some strange words.
The orc wizard flickers and vanishes for a moment.
You block Duvessa's attack.
You climb upwards.
There is a stone staircase leading down here.
You climb downwards.
Level annotation: Dowan, Duvessa The goblin shoots a stone.
The stone hits you. Duvessa hits you with a +0 rapier!
The goblin barely misses you. You block the orc's attack.
There is a stone staircase leading up, spattered with blood here.
Duvessa hits you with a +0 rapier.
* * * LOW HITPOINT WARNING * * *
The orc priest calls down the wrath of Beogh upon you.
Beogh smites you!
* * * LOW HITPOINT WARNING * * *
You block the goblin's attack.
The goblin unwields a +0 hunting sling.
The goblin wields a +0 dagger.
The goblin hits you but does no damage. The orc hits you with a +0 mace.
You die...

#.#.#.##......## #
#.....###......## .###
##.##.##.....#..###...#
#..........###..#..#
####.g....## ##..###
#.....o.# ##....##
#...##....#####..###.####
.### ##..gg##....# ##...#
##go@......# ###.#
#.e.##.#....## #.##
##..###..###.#.>#..#
..######...# #..#
#.......## #.........##
##.# #....#....
#####.....###
#.....#.....##
#.#####.....# ..####.#.#.##
#.###..#####.....##.......#
##....## #.##....#.⌠.#..


You could see Duvessa, an orc priest, an orc, a hobgoblin and 3 goblins.

Vanquished Creatures
  Sigmund (D:3)
  A lemure (D:4)
  A jelly (D:4)
  Natasha (thrice) (D:2)
  Robin (D:4)
  2 adders (D:2)
  2 dart slugs (D:3)
  A worm (D:2)
  An orc (D:3)
  3 ball pythons
  6 endoplasms
  2 giant cockroaches (D:1)
  7 goblins
  9 hobgoblins
  8 jackals
  7 kobolds
  7 quokkas
  4 bats (D:2)
  6 frilled lizards
  8 rats
80 creatures vanquished.

Notes
Turn   | Place    | Note
-------+----------+-------------------------------------------
     0 | D:1      | grindst0ne the Palentonga Fighter began the quest for the
                  | Orb.
     0 | D:1      | Reached XP level 1. HP: 19/19 MP: 1/1
   371 | D:1      | Reached XP level 2. HP: 25/25 MP: 2/2
   459 | D:1      | Got Orebbos's Volume of Moulding and Cold
  1133 | D:1      | Reached XP level 3. HP: 31/31 MP: 3/3
  1414 | D:2      | You fall into a shaft and drop 2 floors!
  1414 | D:4      | Found a staircase to the Ecumenical Temple.
  1417 | Temple   | Entered the Ecumenical Temple
  1431 | Temple   | Became a worshipper of Warmaster Okawaru
  1503 | D:4      | Reached skill level 4 in Fighting
  1503 | D:4      | Reached XP level 4. HP: 35/39 MP: 4/4
  1542 | D:4      | Noticed a lemure
  1602 | D:4      | Killed a lemure
  2002 | D:2      | Noticed Natasha
  2006 | D:2      | Killed Natasha
  2007 | D:2      | Reached skill level 1 in Invocations
  2512 | D:2      | Noticed Natasha
  2520 | D:2      | Killed Natasha
  2521 | D:2      | Reached XP level 5. HP: 44/46 MP: 4/6
  2737 | D:2      | Noticed Natasha
  2748 | D:2      | Killed Natasha
  3230 | D:3      | Noticed Sigmund
  3238 | D:3      | Killed Sigmund
  3239 | D:3      | Reached skill level 5 in Fighting
  3239 | D:3      | Reached XP level 6. HP: 4/54 MP: 6/8
  3995 | D:4      | Noticed Robin
  4009 | D:4      | Killed Robin
  4011 | D:4      | Noticed Duvessa
  4012 | D:4      | Noticed Dowan
  4217 | D:4      | Slain by an orc

Illustrated notes

Levels and vault maps discovered:
D:1:      beargit_arrival_greenhouse, layout_basic
D:2:      layout_basic, serial_park_tiny_pond, uniq_natasha
D:3:      layout_basic, uniq_sigmund
D:4:      layout_layer_cave, nicolae_gozag_seed_capital,
          mainiacjoe_overflow_big_doors, nicolae_qazlal_scattered_showers,
          minmay_temple_entry_sparse_star, minmay_misc_feat_five,
          uniq_eustachio, uniq_robin, uniq_duvessa, uniq_pikel
Temple:   corrupted_temple

Skill      XL: |  1  2  3  4  5 |
---------------+----------------+-----
Axes           | 3 4 |  4.6
Fighting       | 4 5 |  5.1
Invocations    | 1 2 |  2.9
Armour         | |  2.4
Shields        | |  2.4

Action                   |  1- 3 |  4- 6 || total
-------------------------+-------+-------++-------
Melee: War axe           |    70 |     7 ||    77
       Tailslap          |     8 |    25 ||    33
       Hand axe          |       |    49 ||    49
       Dagger            |       |   108 ||   108
 Abil: Rolling Charge    |       |     2 ||     2
  Use: Potion            |       |     3 ||     3
Armor: Scale mail        |    23 |    71 ||    94
Dodge: Dodged            |    11 |    48 ||    59
Block: Kite shield       |    35 |    99 ||   134
